 Dungeon Crawl Stone Soup version 0.29-a0-284-gf9362112df (webtiles) character file.

Game seed: 14626949235750293605

358 epen the Vexing (level 6, -3/70 HPs)
             Began as a Gnoll Arcane Marksman on Mar 15, 2022.
             Slain by an orc priest
             ... wielding a +2 hand axe of electrocution
              (4 damage)
             ... on level 3 of the Dungeon.
             The game lasted 00:03:11 (3786 turns).

epen the Vexing (Gnoll Arcane Marksman)             Turns: 3786, Time: 00:03:12

Health: -3/70      AC: 23    Str:  8 (10) XL:     6   Next: 64%
Magic:  11/11      EV:  2    Int: 11 (12) God:
Gold:   185        SH:  0    Dex: 11 (14) Spells: 11/12 levels left

rFire   . . .      SeeInvis .   a - +0 shortbow
rCold   . . .      Faith    .   (shield currently unavailable)
rNeg    . . .      Spirit   .   (body armour currently unavailable)
rPois   +          Reflect  .   (helmet currently unavailable)
rElec   .          Harm     .   (cloak currently unavailable)
rCorr   .          Rampage  .   (gloves currently unavailable)
Will    .....      NoTele   +   (boots currently unavailable)
Stlth   ++........              (no amulet)
HPRegen 0.21/turn               (no ring)
MPRegen 0.12/turn               (no ring)

@: tree-form, hasted, unable to read, very quick
A: stationary, stasis, torment immunity, boosted hp, (fangs 1), strong nose,
distributed training, inability to read while threatened
a: no special abilities


You were on level 3 of the Dungeon.
You were a tree.
You visited 1 branch of the dungeon, and saw 4 of its levels.

You collected 185 gold pieces.

Inventory:

Hand Weapons
 a - a +0 shortbow (weapon)
 g - a +2 whip of flaming
Armour
 b - a +0 robe (melded)
 m - a +0 helmet (melded)
Jewellery
 h - an amulet of reflection
 u - a ring of willpower
Scrolls
 c - 2 scrolls of vulnerability
 e - a scroll of teleportation {unknown}
 f - a scroll of identify {unknown}
 i - a scroll of noise {unknown}
 k - a scroll of immolation {unknown}
 r - 2 scrolls of summoning {unknown}
 t - 2 scrolls of blinking {unknown}
 v - a scroll of brand weapon {unknown}
Potions
 l - a potion of berserk rage {unknown}
 n - a potion of heal wounds {unknown}
 o - a potion of mutation
 p - a potion of haste
 q - a potion of might {unknown}
 s - a potion of attraction {unknown}


   Skills:
 + Level 3.3 Fighting
 + Level 2.0 Short Blades
 + Level 2.0 Long Blades
 + Level 2.0 Axes
 + Level 2.0 Maces & Flails
 + Level 2.0 Polearms
 + Level 2.0 Staves
 + Level 2.0 Slings
 + Level 5.0 Bows
 + Level 2.0 Crossbows
 + Level 2.0 Throwing
 + Level 2.0 Armour
 + Level 5.0 Dodging
 + Level 2.0 Stealth
 + Level 2.0 Shields
 + Level 2.0 Unarmed Combat
 + Level 3.5 Spellcasting
 + Level 1.6 Conjurations
 + Level 5.7 Hexes
 + Level 1.6 Summonings
 + Level 1.6 Necromancy
 + Level 1.6 Translocations
 + Level 1.6 Transmutations
 + Level 1.6 Fire Magic
 + Level 1.6 Ice Magic
 + Level 1.6 Air Magic
 + Level 1.6 Earth Magic
 + Level 1.6 Poison Magic
 + Level 2.2 Invocations
 + Level 2.0 Evocations


You had 11 spell levels left.
You knew the following spells:

 Your Spells              Type           Power      Damage    Failure   Level
a - Slow                  Hex            56%        N/A       2%          1

Your spell library contained the following spells:

 Spells                   Type           Power      Damage    Failure   Level
 Confusing Touch          Hex            14%        N/A       7%          3
 Ensorcelled Hibernation  Hex/Ice        20%        N/A       9%          2
 Beastly Appendage        Tmut           10%        N/A       13%         1
 Inner Flame              Hex/Fire       10%        N/A       17%         3
 Portal Projectile        Hex/Tloc       20%        N/A       17%         3
 Passwall                 Tmut/Erth      4%         N/A       19%         2
 Wereblood                Tmut           5%         N/A       19%         2
 Cause Fear               Hex            7%         N/A       24%         4
 Spider Form              Tmut/Pois      5%         N/A       36%         3
 Swiftness                Air            5%         N/A       36%         3
 Yara's Violent Unravell  Hex/Tmut       5%         3d4       83%         5
 Enfeeble                 Hex            7%         N/A       100%        7


Dungeon Overview and Level Annotations

Branches:
Dungeon (4/15)
 Temple: D:4-7

Altars:
Dithmenos
Fedhas
Okawaru
Wu Jian


Innate Abilities, Weirdness & Mutations

You are a tree.
Your roots penetrate the ground, keeping you stationary.
You cannot be teleported.
You are immune to unholy pain and torment.
Your maximum health is greatly increased.
Your equipment is partially melded.
((You have very sharp teeth.))
Your uncanny sense of smell can sniff out nearby items.
Your experience applies equally to all skills.
You sometimes lose the ability to read scrolls when taking damage.


Message History

You shoot an arrow. The arrow hits the orc priest!
The orc priest is severely wounded.
You shoot an arrow. The arrow barely misses the orc priest.
The orc priest miscasts a cantrip.
The orc priest begins to cast a cantrip, but forgets the words!
The orc priest hits you with a +2 hand axe of electrocution.
You shoot an arrow.
The arrow hits the orc priest but does no damage.
The orc priest is severely wounded.
The orc priest calls upon Beogh to heal the orc priest.
The orc priest is healed somewhat.
The orc priest calls down the wrath of Beogh upon you.
Beogh smites you!
You are too injured to fight recklessly!
Shoot: a) +0 shortbow
Press: ? - help, Shift-Dir - straight line, f/p - orc priest
Aim: an orc priest, wielding a +2 hand axe of electrocution and wearing a +1 chain mail of poison resistance (moderately wounded, 69% to hit)
You shoot an arrow. The arrow barely misses the orc priest.
The orc priest calls upon Beogh to heal the orc priest.
The orc priest is healed somewhat.
The orc priest closely misses you.
It was a potion of degeneration.
There was something very wrong with that liquid.
You feel weakened.
You feel dopey.
You feel clumsy.
The orc priest hits you with a +2 hand axe of electrocution.
It was a potion of lignification.
You turn into a tree.
Your +0 helmet melds into your body.
Your +0 robe melds into your body.
Your roots penetrate the ground.
The orc priest invokes the aid of Beogh against you.
Beogh smites you!
* * * LOW HITPOINT WARNING * * *
It was a potion of mutation.
You feel extremely strange.
You lose the ability to read scrolls when threatened.
The orc priest hits you but does no damage.
It was a potion of haste.
You feel yourself speed up.
The orc priest calls down the wrath of Beogh upon you.
Beogh smites you!
You feel threatened and lose the ability to read scrolls!
* * * LOW HITPOINT WARNING * * *
The orc priest hits you with a +2 hand axe of electrocution.
You die...

#.#....##.......#####.......<...
##......##.......# #........###
...##>#.##.......# #..#######
##.##.#..........# #..# #######
#.##.#......o...#####..###......
#.#..#..................>..#####
##.........#..#######...#####
......).##.#..#######..##
##.....###.#..oo♣..##..#
#.......##.#.#####.##..#
#............# #.##..#
#.......##.### #.##..#
##.........#######.....#
.#....................##
.#.##.################# ...##.#
......#


You could see 2 orc priests.

Vanquished Creatures
  Sigmund (D:2)
  3 orc priests (D:3)
  Robin (D:2)
  2 adders
  A worm (D:3)
  6 orcs
  7 endoplasms
  4 giant cockroaches
  12 goblins
  10 hobgoblins
  4 kobolds
  3 quokkas
  6 ball pythons
  4 bats (D:1)
  4 frilled lizards
  3 rats
71 creatures vanquished.

Notes
Turn   | Place    | Note
-------+----------+-------------------------------------------
     0 | D:1      | epen the Gnoll Arcane Marksman began the quest for the Orb.
     0 | D:1      | Reached XP level 1. HP: 17/17 MP: 4/4
   150 | D:1      | Reached XP level 2. HP: 23/23 MP: 5/5
   786 | D:2      | Found an iron altar of Okawaru.
   849 | D:2      | Reached XP level 3. HP: 28/28 MP: 7/7
   948 | D:2      | Noticed Robin
   954 | D:2      | Reached skill level 1 in Invocations
  1283 | D:2      | Killed Robin
  1284 | D:2      | Reached skill level 1 in Short Blades
  1284 | D:2      | Reached skill level 1 in Long Blades
  1284 | D:2      | Reached skill level 1 in Axes
  1284 | D:2      | Reached skill level 1 in Maces & Flails
  1284 | D:2      | Reached skill level 1 in Polearms
  1284 | D:2      | Reached skill level 1 in Staves
  1284 | D:2      | Reached skill level 1 in Slings
  1284 | D:2      | Reached skill level 1 in Crossbows
  1284 | D:2      | Reached skill level 1 in Throwing
  1284 | D:2      | Reached skill level 1 in Armour
  1284 | D:2      | Reached skill level 1 in Stealth
  1284 | D:2      | Reached skill level 1 in Shields
  1284 | D:2      | Reached skill level 1 in Unarmed Combat
  1284 | D:2      | Reached skill level 1 in Evocations
  1289 | D:2      | Reached XP level 4. HP: 18/34 MP: 8/8
  1610 | D:2      | Noticed Sigmund
  1618 | D:2      | Killed Sigmund
  1619 | D:2      | Reached skill level 1 in Conjurations
  1619 | D:2      | Reached skill level 1 in Summonings
  1619 | D:2      | Reached skill level 1 in Necromancy
  1619 | D:2      | Reached skill level 1 in Translocations
  1619 | D:2      | Reached skill level 1 in Transmutations
  1619 | D:2      | Reached skill level 1 in Fire Magic
  1619 | D:2      | Reached skill level 1 in Ice Magic
  1619 | D:2      | Reached skill level 1 in Air Magic
  1619 | D:2      | Reached skill level 1 in Earth Magic
  1619 | D:2      | Reached skill level 1 in Poison Magic
  1619 | D:2      | Reached XP level 5. HP: 14/41 MP: 9/9
  1619 | D:2      | Reached XP level 6. HP: 17/47 MP: 10/10
  2287 | D:3      | Noticed a black bear
  2624 | D:3      | Reached skill level 5 in Bows
  2624 | D:3      | Reached skill level 5 in Dodging
  2872 | D:4      | Found a blossoming altar of Fedhas.
  3521 | D:4      | Found an ornate altar of the Wu Jian Council.
  3570 | D:4      | Found a shadowy altar of Dithmenos.
  3785 | D:3      | Gained mutation: You sometimes lose the ability to read
                  | scrolls when taking damage. [potion of mutation]
  3786 | D:3      | HP: 1/70 [orc priest/divine providence (12)]
  3786 | D:3      | Slain by an orc priest

Illustrated notes

Levels and vault maps discovered:
D:1:      dpeg_arrival_long_road, layout_basic, serial_bayou_pond_e
D:2:      minmay_door_path, layout_basic, basic_altar, uniq_sigmund, uniq_robin
D:3:      layout_loops_ring, amcnicky_altar_gilded,
          mainiacjoe_overflow_six_doors_small, minivault_5
D:4:      layout_basic, fedhas_ov_isle_minmay, kennysheep_little_box,
          kennysheep_mini_moat

Skill      XL: |  1  2  3  4  5  6 |
---------------+-------------------+-----
Invocations    | 1 2 |  2.2
Short Blades   | 1 2 |  2.0
Long Blades    | 1 2 |  2.0
Axes           | 1 2 |  2.0
Maces & Flails | 1 2 |  2.0
Polearms       | 1 2 |  2.0
Staves         | 1 2 |  2.0
Slings         | 1 2 |  2.0
Crossbows      | 1 2 |  2.0
Throwing       | 1 2 |  2.0
Armour         | 1 2 |  2.0
Stealth        | 1 2 |  2.0
Shields        | 1 2 |  2.0
Unarmed Combat | 1 2 |  2.0
Evocations     | 1 2 |  2.0
Fighting       | 3 |  3.3
Spellcasting   | 3 |  3.5
Conjurations   | 1 |  1.6
Summonings     | 1 |  1.6
Necromancy     | 1 |  1.6
Translocations | 1 |  1.6
Transmutations | 1 |  1.6
Fire Magic     | 1 |  1.6
Ice Magic      | 1 |  1.6
Air Magic      | 1 |  1.6
Earth Magic    | 1 |  1.6
Poison Magic   | 1 |  1.6
Bows           | 5 |  5.0
Dodging        | 5 |  5.0
Hexes          | |  5.7

Action                   |  1- 3 |  4- 6 || total
-------------------------+-------+-------++-------
 Fire: Shortbow          |    82 |   108 ||   190
  Use: Potion            |       |     4 ||     4
Armor: Robe              |     7 |     2 ||     9
       Skin              |       |     1 ||     1
Dodge: Dodged            |    34 |    44 ||    78

Table legend: (Time is in decaauts)
 A = Elapsed time spent in this place.
 B = Non-inter-level travel time spent in this place.
 C = Inter-level travel time spent in this place.
 D = Time resting spent in this place.
 E = Time spent auto-exploring this place.
 F = Levels seen in this place.
 G = Mean time per level.
                   A        B        C        D        E       F      G
               +--------+--------+--------+--------+--------+-----+--------+
         Total |   3839 |   3632 |    207 |    331 |   2837 |   4 |  959.8 |
       Dungeon |   3839 |   3632 |    207 |    331 |   2837 |   4 |  959.8 |
               +--------+--------+--------+--------+--------+-----+--------+

Top non-repeatable levels by time:
     D:2: 1262 daAuts
     D:4: 1081 daAuts
     D:1: 1008 daAuts
     D:3: 486 daAuts
